 Dungeon Crawl Stone Soup version 0.31.0-32-g396128a36d (webtiles) character file.

Game seed: 4095580778236173122

179 Peloso the Covered (level 5, 0/47 HPs)
             Began as a Minotaur Fighter on Apr 6, 2024.
             Slain by a kobold
             ... wielding a +0 short sword of venom
              (1 damage)
             ... on level 3 of the Dungeon.
             The game lasted 00:04:14 (2601 turns).

Peloso the Covered (Minotaur Fighter)               Turns: 2601, Time: 00:04:15

Health: 0/47       AC:  9    Str: 20    XL:     5   Next: 32%
Magic:  4/4        EV:  8    Int:  5    God:
Gold:   305        SH:  5    Dex: 12    Spells: 4/4 levels left

rFire   . . .        a - +0 long sword
rCold   . . .        d - +0 buckler
rNeg    . . .        c - +0 chain mail
rPois   .            (helmet restricted)
rElec   .            (no cloak)
rCorr   .            (no gloves)
SInv    .            (no boots)
Will    .....        (no amulet) Stlth
                     (no ring)
HPRegen 0.27/turn    (no ring)
MPRegen 0.09/turn

%: no passive effects
@: lethally poisoned (0 -> -9)
A: horns 2, retaliatory headbutt
a: no special abilities


You were on level 3 of the Dungeon.
You visited 1 branch of the dungeon, and saw 4 of its levels.

You collected 305 gold pieces.

Inventory:

Hand Weapons
 a - a +0 long sword (weapon)
Armour
 b - a +0 scale mail
 c - a +0 chain mail (worn)
 d - a +0 buckler (worn)
Scrolls
 e - a scroll of blinking {unknown}
 h - 3 scrolls of immolation {unknown}
 n - a scroll of fog {unknown}
Potions
 f - a potion of brilliance
 i - 2 potions of enlightenment
 m - 3 potions of might


   Skills:
 + Level 4.7 Fighting
 + Level 3.8 Long Blades
 + Level 4.8 Armour
 + Level 0.3 Dodging
 + Level 4.8 Shields


You had 4 spell levels left.
You didn't know any spells.
Your spell library contained the following spells:

 Spells                   Type           Power      Damage    Failure   Level
 Tukima's Dance           Hex            0%         N/A       100%        3
 Passage of Golubria      Tloc           0%         N/A       100%        4
 Yara's Violent Unravell  Hex/Alch       0%         3d3       100%        5


Dungeon Overview and Level Annotations

Branches:
Dungeon (4/15)
 Temple: D:4-7

Altars:
Nemelex Xobeh


Innate Abilities, Weirdness & Mutations

You have a pair of horns on your head.
You reflexively headbutt those who attack you in melee.


Message History

The kobold hits you but does no damage.
You are more poisoned.
You feel sick.
The gnoll hits you from afar with a +0 vampiric spear.
You block the gnoll's attack. The gnoll hits you with a +0 club.
The gnoll hits you with a +0 whip. The kobold hits you but does no damage.
You are more poisoned.
You climb upwards.
You feel very sick.
There is a stone staircase leading down here.
You slash the gnoll!
You kill the gnoll!
You feel very sick. You block the kobold's attack.
Unknown command.
It was a potion of magic.
Magic courses through your body.
You feel sick.
The kobold hits you with a +0 short sword of venom.
* * * LOW HITPOINT WARNING * * *
You are lethally poisoned!
Unknown command.
You closely miss the kobold.
The kobold is severely wounded.
* * * LOW HITPOINT WARNING * * *
You feel very sick. You block the kobold's attack.
The kobold hits you but does no damage.
You are more poisoned.
Unknown command.
Okay, then.
You hit the kobold but do no damage. Your headbutt misses the kobold.
The kobold is severely wounded.
* * * LOW HITPOINT WARNING * * *
You feel very sick. You block the kobold's attack.
Unknown command.
You hit the kobold but do no damage.
The kobold is severely wounded.
* * * LOW HITPOINT WARNING * * *
You feel very sick.
The kobold hits you with a +0 short sword of venom.
You die...

####### #gK@).#
#.###.######## ########)#
#........#
#........###.##...#.#######
###.######.....#............<
####...#
#......####.<.#########
#....#.# #..##.## ##.## #
#.###### #..#### #.# # ♣♣.♣
♣..♣ #.# #


You could see a gnoll and a kobold.

Vanquished Creatures
  A bombardier beetle (D:3)
  Jessica (D:2)
  A gnoll (D:3)
  3 adders (D:3)
  A dart slug (D:1)
  3 orcs (D:3)
  5 ball pythons
  9 endoplasms
  4 giant cockroaches
  9 goblins
  10 hobgoblins
  4 jackals
  4 quokkas
  6 bats
  2 frilled lizards (D:1)
  4 kobolds
  10 rats
77 creatures vanquished.

Notes
Turn   | Place    | Note
-------+----------+-------------------------------------------
     0 | D:1      | Peloso the Minotaur Fighter began the quest for the Orb.
     0 | D:1      | Reached XP level 1. HP: 19/19 MP: 0/0
   113 | D:1      | Reached XP level 2. HP: 27/27 MP: 1/1
   337 | D:1      | Reached XP level 3. HP: 33/33 MP: 2/2
  1202 | D:2      | Noticed Jessica
  1220 | D:2      | Killed Jessica
  1221 | D:2      | Reached XP level 4. HP: 30/41 MP: 3/3
  2065 | D:3      | Reached XP level 5. HP: 47/47 MP: 4/4
  2449 | D:3      | Found a sparkling altar of Nemelex Xobeh.
  2601 | D:3      | HP: 1/47 [poisoned by a kobold]
  2601 | D:3      | Slain by a kobold

Illustrated notes

Levels and vault maps discovered:
D:1:      minmay_arrival_plants_in_alcoves, layout_loops_ring,
          minmay_gold_behind_fungi, minmay_misc_feat_alley
D:2:      minmay_angry_zag, layout_rooms, uniq_jessica
D:3:      kb_forest_paths, layout_loops_corners, nemelex_dance_club_becter,
          kennysheep_generic_room_6
D:4:      layout_gridville

Skill      XL: |  1  2  3 |
---------------+----------+-----
Armour         | 4 |  4.8
Shields        | 4 |  4.8
Long Blades    | 3 |  3.8
Fighting       | 4 |  4.7
Dodging        | |  0.3

Action                     |  1- 3 |  4- 6 || total
---------------------------+-------+-------++-------
  Melee: Long sword        |   103 |    65 ||   168
         Headbutt          |    12 |     9 ||    21
    Use: Scroll            |     2 |     2 ||     4
         Potion            |     1 |     1 ||     2
 Armour: Scale mail        |    89 |     5 ||    94
         Chain mail        |       |    41 ||    41
  Dodge: Dodged            |    65 |    23 ||    88
  Block: Buckler           |    24 |    22 ||    46
